 Dungeon Crawl Stone Soup version 0.26-a0-49-g0e6732e (webtiles) character file.

Game seed: 9796757613566225075

99 Illumine the Firebug (level 4, -3/25 HPs)
             Began as a Gargoyle Fire Elementalist on June 2, 2020.
             Shot with an arrow by a centaur (9 damage)
             ... on level 3 of the Dungeon on June 4, 2020.
             The game lasted 00:05:41 (3107 turns).

Illumine the Firebug (Gargoyle Fire Elementalist)   Turns: 3107, Time: 00:05:41

Health: -3/25      AC:  5    Str: 18    XL:     4   Next: 72%
Magic:  6/8        EV: 12    Int: 16    God:
Gold:   96         SH:  0    Dex: 10    Spells: 4/8 levels left

rFire    . . .     SeeInvis .   e - -2 mace (curse)
rCold    . . .     Gourm    .   (no shield)
rNeg     + . .     Faith    .   a - +0 robe
rPois    ∞         Spirit   .   (no helmet)
rElec    +         Reflect  .   (no cloak)
rCorr    .         Harm     .   (no gloves)
MR       .....                  (no boots)
Stlth    ++........             (no amulet)
HPRegen  0.08/turn              r - +6 ring of strength
MPRegen  0.11/turn              (no ring)

@: very slightly contaminated
A: negative energy resistance 1, electricity resistance, unbreathing,
petrification resistance, rot immunity, AC +3
a: no special abilities


You were on level 3 of the Dungeon.
You were not hungry.

You visited 1 branch of the dungeon, and saw 3 of its levels.

You collected 96 gold pieces.

Inventory:

Hand Weapons
 d - a +0 club
 e - a cursed -2 mace (weapon)
Missiles
 o - 43 stones (quivered)
Armour
 a - a +0 robe (worn)
 q - a +0 kite shield
Jewellery
 r - a +6 ring of strength (left hand)
Wands
 t - a wand of digging (5)
Scrolls
 b - 2 scrolls of enchant armour {unknown}
 h - a scroll of fog {unknown}
 i - 4 scrolls of identify {unknown}
 j - 2 scrolls of teleportation {unknown}
 k - a scroll of blinking {unknown}
 m - a scroll of remove curse {unknown}
 u - 2 scrolls of amnesia {unknown}
 v - a scroll of fear {unknown}
Potions
 f - a potion of flight {unknown}
 l - a potion of cancellation {unknown}
 n - 2 potions of heal wounds {unknown}
 p - 2 potions of berserk rage {unknown}
 s - a potion of magic {unknown}
 w - a potion of curing {unknown}
Comestibles
 c - 7 rations
 g - 2 chunks of flesh


   Skills:
 + Level 1.0 Fighting
 + Level 2.3 Dodging
 - Level 2.1 Stealth
 + Level 0.7 Shields
 + Level 2.6 Spellcasting
 + Level 2.2 Conjurations
 + Level 3.5 Fire Magic


You had 4 spell levels left.
You knew the following spells:

 Your Spells              Type           Power        Failure   Level  Hunger
a - Foxfire               Conj/Fire      ##..         6%          1    #......
b - Conjure Flame         Conj/Fire      ##......     19%         3    ###....

Your spell library contained the following spells:

 Spells                   Type           Power        Failure   Level  Hunger
 Inner Flame              Hex/Fire       #.......     28%         3    ###....
 Sticky Flame             Conj/Fire      ##......     52%         4    #####..
 Fireball                 Conj/Fire      ##........   86%         5    ######.


Dungeon Overview and Level Annotations

Branches:
Dungeon (3/15)

Altars:
Cheibriados
Hepliaklqana
Xom


Innate Abilities, Weirdness & Mutations

You are resistant to torment.
Your stone body is resilient. (AC +3)
You are immune to poison.
You resist negative energy. (rN+)
You are resistant to electric shocks. (rElec)
You can survive without breathing.
You are immune to petrification.
You are immune to rotting.


Message History

You are very lightly contaminated with residual magic.
Nothing appears to happen.
The centaur shoots an arrow.
The arrow hits you.
You see here an arrow.
Casting: Foxfire (safe; 6% risk of failure)
Confirm with . or Enter, or press ? or * to list all spells.
You conjure some foxfire!
The foxfire hits the centaur.
The centaur is lightly wounded.
You hit the centaur but do no damage.
The centaur is lightly wounded.
The centaur unwields a +0 shortbow.
The centaur closely misses you.
Your foxfire dissipates!
The centaur wields a +0 shortbow.
The centaur shoots an arrow.
The arrow hits you!
Ouch! That really hurt!
* * * LOW HITPOINT WARNING * * *
Things that are here:
an arrow; a +0 hand axe; a +0 scale mail The centaur shoots an arrow.
The arrow hits you!
You die...

## #. .. #.
#.##.######
#...#(....#
#.####.# #c#
#(# ####(#
#.>@.# #.####
##§## #.#
##...## #.#
##.###.#####.#
#..# #.....#.#
#..###.###.#.#
#.#.....##.#.#
#.#####.##.#.#


You could see a centaur.

Vanquished Creatures
  Natasha (D:3)
  2 worms (D:2)
  2 dart slugs
  4 leopard geckos
  An orc (D:3)
  6 bats
  A giant cockroach (D:2)
  10 goblins
  4 hobgoblins
  4 jackals (D:2)
  8 kobolds
  A quokka (D:2)
  A ball python (D:2)
  5 frilled lizards
  8 rats
58 creatures vanquished.

Vanquished Creatures (others)
  124 foxfires
124 creatures vanquished.

Grand Total: 182 creatures vanquished

Notes
Turn   | Place    | Note
-------+----------+-------------------------------------------
     0 | D:1      | Illumine the Gargoyle Fire Elementalist began the quest for
                  | the Orb.
     0 | D:1      | Reached XP level 1. HP: 10/10 MP: 3/3
    73 | D:1      | Upgraded the game from 0.26-a0-43-g20b394c to
                  | 0.26-a0-49-g0e6732e
   409 | D:1      | Reached XP level 2. HP: 13/15 MP: 0/5
  1061 | D:1      | Reached XP level 3. HP: 12/19 MP: 3/6
  1426 | D:2      | Learned a level 3 spell: Conjure Flame
  2250 | D:2      | Reached XP level 4. HP: 24/24 MP: 5/7
  2862 | D:3      | Noticed Natasha
  2866 | D:3      | Killed Natasha
  2866 | D:3      | Reached skill level 1 in Fighting
  2966 | D:3      | Found a faded altar of an unknown god.
  2966 | D:3      | Found a shimmering altar of Xom.
  2972 | D:3      | Found a faded altar of an unknown god.
  2976 | D:3      | Found a hazy altar of Hepliaklqana.
  2980 | D:3      | Found a snail-covered altar of Cheibriados.
  3099 | D:3      | Noticed a centaur
  3107 | D:3      | Shot with an arrow by a centaur

Illustrated notes

Levels and vault maps discovered:
D:1:      roderic_octagonal_star, layout_loops_ring
D:2:      layout_basic, st_stairs_10, minmay_vboxes
D:3:      kennysheep_six_static_rooms, layout_loops_ring,
          chequers_temple_overflow_minitemple, uniq_natasha

Skill      XL: |  1  2  3  4 |
---------------+-------------+-----
Dodging        | 2 |  2.3
Conjurations   | 2 |  2.2
Fighting       | 1 |  1.0
Stealth        | |  2.1
Shields        | |  0.7
Spellcasting   | |  2.6
Fire Magic     | |  3.5

Action                   |  1- 3 |  4- 6 || total
-------------------------+-------+-------++-------
Melee: Unarmed           |     2 |       ||     2
       Mace              |    20 |    11 ||    31
       Club              |     3 |       ||     3
 Cast: Foxfire           |    58 |    21 ||    79
  Eat: Chunk             |     5 |     3 ||     8
Armor: Robe              |    23 |     6 ||    29
Dodge: Dodged            |    51 |     9 ||    60

Table legend:
 A = Non-vault XP
 B = Vault XP
 C = Vault XP percentage of total XP
 D = Non-vault monster count
 E = Vault monster count
 F = Vault count percentage of total count
                 A         B        C        D         E       F
            +---------+---------+-------+---------+---------+-------
      Total |      91 |      51 |  35.9 |      47 |      11 |  19.0
            +---------+---------+-------+---------+---------+-------
        D:1 |      34 |       0 |   0.0 |      18 |       0 |   0.0
        D:2 |      47 |      18 |  27.7 |      24 |      10 |  29.4
        D:3 |      10 |      33 |  76.7 |       5 |       1 |  16.7
            +---------+---------+-------+---------+---------+-------
